 Dungeon Crawl Stone Soup version 0.28-a0-653-g7e9dba17c3 (webtiles) character file.

Game seed: 16526840958895630373

42 dew the Skirmisher (level 3, -1/33 HPs)
             Began as a Draconian Monk on Oct 12, 2021.
             Slain by a bullfrog (6 damage)
             ... on level 4 of the Dungeon.
             The game lasted 00:07:14 (1580 turns).

dew the Skirmisher (Draconian Monk)                 Turns: 1580, Time: 00:07:14

Health: -1/33      AC:  5    Str: 14    XL:     3   Next: 33%
Magic:  3/3        EV: 13    Int: 10    God:
Gold:   92         SH:  0    Dex: 13    Spells: 2/2 levels left

rFire   . . .      SeeInvis .     - Unarmed
rCold   . . .      Faith    .   (no shield)
rNeg    . . .      Spirit   .   (armour unavailable)
rPois   .          Reflect  .   (helmet restricted)
rElec   .          Harm     .   (no cloak)
rCorr   .          Rampage  .   (no gloves)
Will    .....                   (no boots)
Stlth   ++........              (no amulet)
HPRegen 0.11/turn               (no ring)
MPRegen 0.08/turn               (no ring)

@: no status effects
A: AC +5, unfitting armour, cold-blooded
a: no special abilities


You were on level 4 of the Dungeon.
You visited 1 branch of the dungeon, and saw 3 of its levels.

You collected 92 gold pieces.

Inventory:

Scrolls
 b - 2 scrolls of teleportation
 e - a scroll of blinking {unknown}
Potions
 a - 2 potions of curing {unknown}
 c - a potion of mutation {unknown}
 d - a potion of heal wounds {unknown}
 f - a potion of brilliance {unknown}
 g - 2 potions of attraction {unknown}


   Skills:
 * Level 4.2 Fighting
 + Level 3.1 Dodging
 - Level 1.7 Stealth
 + Level 1.2 Shields
 - Level 3.0 Unarmed Combat


You had 2 spell levels left.
You didn't know any spells.
Your spell library contained the following spells:

 Spells                   Type           Power      Damage    Failure   Level
 Corpse Rot               Necr/Air       N/A        N/A       50%         2
 Ensorcelled Hibernation  Hex/Ice        0%         N/A       50%         2
 Poisonous Vapours        Pois/Air       0%         N/A       50%         2
 Tukima's Dance           Hex            0%         N/A       75%         3


Dungeon Overview and Level Annotations

Branches:
Dungeon (2/15)

Altars:
Sif Muna
Yredelemnul
The Shining One

Shops:
D:2 *


Innate Abilities, Weirdness & Mutations

Your plain brown scales are hard. (AC +5)
You cannot fit into any form of body armour.
You are cold-blooded and may be slowed by cold attacks.


Message History

The orc hits you with a +0 short sword.
You hit the orc.
The orc is heavily wounded.
The orc hits you with a +0 hand axe. The orc closely misses you.
You barely miss the orc.
The orc is heavily wounded.
The orc hits you but does no damage. The orc hits you with a +0 short sword.
You hit the orc.
You kill the orc!
The bullfrog hits you. The orc hits you with a +0 short sword.
You hit the bullfrog.
The bullfrog is lightly wounded.
The bullfrog hits you.
You hit the bullfrog.
The bullfrog is moderately wounded.
The bullfrog closely misses you. The orc hits you but does no damage.
The bullfrog hits you.
* * * LOW HITPOINT WARNING * * *
You hit the bullfrog.
Your tail-slap misses the bullfrog.
The bullfrog is moderately wounded.
The orc closely misses you. The bullfrog misses you.
You barely miss the bullfrog.
The bullfrog is moderately wounded.
The bullfrog hits you.
* * * LOW HITPOINT WARNING * * *
The orc hits you with a +0 short sword.
* * * LOW HITPOINT WARNING * * *
The bullfrog hits you but does no damage.
You hit the orc.
The orc is heavily wounded.
The orc barely misses you. The bullfrog barely misses you.
You hit the orc but do no damage.
The orc is heavily wounded.
The bullfrog hits you but does no damage.
The orc hits you with a +0 short sword.
* * * LOW HITPOINT WARNING * * *
You hit the orc but do no damage. You tail-slap the orc.
The orc is heavily wounded.
The bullfrog hits you.
You die...

#.....##...........
##.................
###.................
#...#######.........
###.## #......o..
#..# #......... ##.#
##......... #.#
##.oF# #.####...@##
#..##......#
##....##...#
#..#####...# #...#
##...# ..##.# ##.##
##. #.. .# # ##.# ##
.#


You could see a bullfrog and an orc.

Vanquished Creatures
  An adder (D:2)
  A dart slug (D:1)
  2 orcs (D:4)
  2 endoplasms
  A giant cockroach (D:1)
  3 goblins (D:4)
  4 hobgoblins
  3 quokkas (D:1)
  2 bats (D:1)
  A frilled lizard (D:1)
  3 kobolds
  3 rats (D:1)
26 creatures vanquished.

Notes
Turn   | Place    | Note
-------+----------+-------------------------------------------
     0 | D:1      | dew the Draconian Monk began the quest for the Orb.
     0 | D:1      | Reached XP level 1. HP: 19/19 MP: 1/1
   417 | D:1      | Reached XP level 2. HP: 24/26 MP: 2/2
  1059 | D:2      | Reached skill level 4 in Fighting
  1059 | D:2      | Reached skill level 1 in Shields
  1075 | D:2      | Reached XP level 3. HP: 29/33 MP: 3/3
  1107 | D:2      | Found Feogg's Assorted Antiques.
  1350 | D:2      | You fall into a shaft and drop 2 floors!
  1388 | D:4      | Found a shimmering blue altar of Sif Muna.
  1393 | D:4      | Found a basalt altar of Yredelemnul.
  1394 | D:4      | Found a glowing golden altar of the Shining One.
  1568 | D:4      | Noticed a bullfrog
  1580 | D:4      | Slain by a bullfrog

Illustrated notes

Levels and vault maps discovered:
D:1:      dpeg_arrival_simpleton_b, layout_rooms,
          chequers_serial_rivers_small_3, hangedman_decor_opposing
D:2:      layout_basic, serial_shops, nicolae_shop_statue_plus,
          kennysheep_generic_room_9
D:4:      layout_layer_cave, minitemple, minmay_misc_feat_four_crosses,
          uniq_duvessa

Skill      XL: |  1  2 |
---------------+-------+-----
Fighting       | 4 |  4.2
Dodging        | 3 |  3.1
Shields        | 1 |  1.2
Stealth        | |  1.7
Unarmed Combat | |  3.0

Action                   || total
-------------------------++-------
Melee: Unarmed           ||   109
       Tailslap          ||    16
       Punch             ||     3
  Use: Scroll            ||     1
 Stab: Sleeping          ||     2
Armor: Skin              ||    40
Dodge: Dodged            ||    71

Table legend: (Time is in decaauts)
 A = Elapsed time spent in this place.
 B = Non-inter-level travel time spent in this place.
 C = Inter-level travel time spent in this place.
 D = Time resting spent in this place.
 E = Time spent auto-exploring this place.
 F = Levels seen in this place.
 G = Mean time per level.
                   A        B        C        D        E       F      G
               +--------+--------+--------+--------+--------+-----+--------+
         Total |   1581 |   1545 |     36 |      0 |   1159 |   3 |  527.0 |
       Dungeon |   1581 |   1545 |     36 |      0 |   1159 |   3 |  527.0 |
               +--------+--------+--------+--------+--------+-----+--------+

Top non-repeatable levels by time:
     D:1: 1006 daAuts
     D:2: 346 daAuts
     D:4: 228 daAuts
